 Dungeon Crawl Stone Soup version 0.26.1-2-gb8aa6d0cf2 (webtiles) character file.

Game seed: 15062443521136569117

558 FishyPogo the Ducker (level 7, -5/36 HPs)
             Began as a Tengu Fire Elementalist on Feb 26, 2021.
             Was an Initiate of Vehumet.
             Killed by divine providence
             ... invoked by an orc priest
              (13 damage)
             ... on level 4 of the Dungeon.
             The game lasted 00:24:21 (4228 turns).

FishyPogo the Ducker (Tengu Fire Elementalist)      Turns: 4228, Time: 00:24:21

Health: -5/36      AC:  4    Str:  9    XL:     7   Next: 31%
Magic:  2/13       EV: 17    Int: 17    God:    Vehumet [......]
Gold:   291        SH:  0    Dex: 14    Spells: 2/13 levels left

rFire    + . .     SeeInvis .   w - staff of fire
rCold    . . .     Faith    .   (no shield)
rNeg     . . .     Spirit   .   a - +0 robe
rPois    .         Reflect  .   (helmet restricted)
rElec    .         Harm     .   n - +0 cloak
rCorr    .         Rampage  .   v - +0 pair of gloves
Will     .....                  (boots unavailable)
Stlth    ++........             x - amulet of the acrobat
HPRegen  0.12/turn              (no ring)
MPRegen  0.13/turn              (no ring)

@: flying quickly and evasively, quick
A: beak, talons 3, able to fly
a: Stop Flying, Renounce Religion


You were on level 4 of the Dungeon.
You worshipped Vehumet.
Vehumet was noncommittal.
You visited 1 branch of the dungeon, and saw 5 of its levels.
You also visited: Sewer.

You collected 291 gold pieces.

Inventory:

Hand Weapons
 f - a +0 short sword
 s - a +1 dagger of venom
Missiles
 e - 116 stones
 h - 20 poisoned darts
 t - 8 boomerangs
 u - 4 atropa-tipped darts
Armour
 a - a +0 robe (worn)
 i - a scarf of invisibility
 n - a +0 cloak (worn)
 r - a +4 scale mail
 v - a +0 pair of gloves (worn)
Magical Staves
 w - an uncursed staff of fire (weapon)
Jewellery
 x - an amulet of the acrobat (around neck)
Wands
 k - a wand of acid (10)
Scrolls
 b - 2 scrolls of remove curse
 c - 2 scrolls of fog {unknown}
 d - 7 scrolls of identify
 j - a scroll of blinking
 m - a scroll of amnesia {unknown}
 y - a scroll of teleportation
 A - a scroll of immolation
Potions
 g - 2 potions of flight
 l - a potion of invisibility {unknown}
 o - 2 potions of heal wounds {unknown}
 p - a potion of mutation {unknown}
 q - a potion of magic {unknown}
 z - a potion of curing {unknown}


   Skills:
 + Level 4.3 Dodging
 - Level 2.0 Stealth
 * Level 3.9 Spellcasting
 + Level 4.0 Conjurations
 + Level 4.3 Summonings
 + Level 4.2 Fire Magic


You had 2 spell levels left.
You knew the following spells:

 Your Spells              Type           Power        Failure   Level
b - Sticky Flame          Conj/Fire      26%          28%         4
c - Conjure Flame         Conj/Fire      26%          9%          3
u - Call Canine Familiar  Summ           18%          8%          3
y - Foxfire               Conj/Fire      100%         3%          1

Your spell library contained the following spells:

 Spells                   Type           Power        Failure   Level
 Summon Small Mammal      Summ           72%          2%          1
 Call Imp                 Summ           18%          4%          2
 Inner Flame              Hex/Fire       15%          21%         3
 Summon Guardian Golem    Hex/Summ       10%          21%         3
 Summon Ice Beast         Ice/Summ       10%          54%         4
 Summon Lightning Spire   Summ/Air       10%          54%         4
 Fireball                 Conj/Fire      13%          63%         5


Dungeon Overview and Level Annotations

Branches:
Dungeon (5/15)              Sewer (visited)
 Temple: D:4-7

Altars:
Dithmenos
Gozag
Trog
Vehumet

Annotations:
D:3 2 transporters, sm0rk's ghost, amateur DEAM


Innate Abilities, Weirdness & Mutations

You have a beak for a mouth.
You have claws for feet.
You can fly continuously.


Message History

You claw the orc priest, but do no damage.
The orc priest is heavily wounded.
The orc priest misses you.
You barely miss the orc priest. Your kick misses the orc priest.
Your peck misses the orc priest.
The orc priest is heavily wounded.
The orc priest completely misses you.
You hit the orc priest.
You claw the orc priest, but do no damage.
The orc priest is heavily wounded.
The orc priest hits you with a +0 hand axe.
* * * LOW HITPOINT WARNING * * *
You hit the orc priest.
The orc priest is severely wounded.
The orc priest looks encouraged for a moment.
You hit the orc priest. You claw the orc priest.
The orc priest is almost dead.
The orc priest invokes the aid of Beogh against you.
Beogh smites you!
You die...

....########.#.#.....#
#.#.# #....#...#####
..#.# #.#####..# #.#.#
#.# #..# #.#.# #.#
#..# #.#.# #.# ##..#
#.#.# #.####.o5# ###.#
#......#o# #...#
########.#@# ###.#
#........### # #.#
##.########### ###.#
#.#...#<....# ....#
#.#.#.#####.# #####
#...........# #
###.#...†.#.##### #
#.#..#..#.....# #
#.#..#..#..##.#


You could see an orc priest, a shadow imp and an orc.

Vanquished Creatures
  An ogre (D:5)
  2 bullfrogs (Sewer)
  A hound (D:4)
  A bullfrog skeleton (D:4)
  A centaur skeleton (D:5)
  An orc wizard (D:5)
  3 worker ants
  A worker ant zombie (D:5)
  4 adders
  A nameless horror (D:4)
  8 worms
  A dart slug (D:1)
  10 leopard geckos
  11 orcs
  3 ball pythons
  5 giant cockroaches
  6 goblins
  8 hobgoblins
  4 jackals (D:1)
  A quokka (D:2)
  6 bats
  10 frilled lizards
  8 kobolds
  A leopard gecko zombie (D:2)
  2 rats
100 creatures vanquished.

Vanquished Creatures (collateral kills)
  A ball python (D:4)
1 creature vanquished.

Vanquished Creatures (others)
  307 foxfires
  A plant (D:5)
308 creatures vanquished.

Grand Total: 409 creatures vanquished

Notes
Turn   | Place    | Note
-------+----------+-------------------------------------------
     0 | D:1      | FishyPogo the Tengu Fire Elementalist began the quest for
                  | the Orb.
     0 | D:1      | Reached XP level 1. HP: 10/10 MP: 4/4
   125 | D:1      | Reached XP level 2. HP: 15/15 MP: 0/6
   460 | D:1      | Reached XP level 3. HP: 16/19 MP: 1/7
   588 | D:1      | Learned a level 3 spell: Conjure Flame
  1268 | D:3      | Reached XP level 4. HP: 15/24 MP: 1/9
  1425 | D:3      | Reached skill level 1 in Summonings
  1548 | D:3      | Found an opulent altar of Gozag.
  2002 | D:3      | Noticed sm0rk's ghost (amateur DEAM)
  2005 | D:3      | Found a transporter.
  2013 | D:3      | Found a transporter.
  2276 | D:4      | Gained mutation: You can fly continuously. [Tengu growth]
  2276 | D:4      | Reached XP level 5. HP: 28/28 MP: 4/10
  2373 | D:4      | Found a glowing drain.
  2402 | Sewer    | Entered a sewer
  2736 | Sewer    | Reached XP level 6. HP: 22/32 MP: 4/11
  2981 | D:4      | Found an opulent altar of Gozag.
  3062 | D:4      | Learned a level 3 spell: Call Canine Familiar
  3067 | D:4      | Learned a level 4 spell: Sticky Flame
  3448 | D:4      | Found a shadowy altar of Dithmenos.
  3452 | D:4      | Found a radiant altar of Vehumet.
  3460 | D:4      | Found a bloodstained altar of Trog.
  3470 | D:4      | Became a worshipper of Vehumet
  3579 | D:5      | Entered Level 5 of the Dungeon
  3987 | D:5      | Reached XP level 7. HP: 36/36 MP: 7/13
  4228 | D:4      | Killed from afar by an orc priest

Illustrated notes

Levels and vault maps discovered:
D:1:      ncdulo_watergridlock, layout_rooms
D:2:      layout_rooms
D:3:      layout_basic, serial_rivers, chequers_serial_rivers_marsh,
          chequers_serial_rivers_large_a, chequers_serial_rivers_small_3,
          chequers_serial_rivers_small_b, chequers_serial_rivers_room_b,
          chequers_serial_rivers_micro_b, gammafunk_ghost_arena,
          grunt_gozag_breadcrumbs
D:4:      layout_basic, lemuel_doored_altar, minitemple, portal_sewer_entry_d
D:5:      layout_loops_corners, minmay_temple_entry_gardened_gates

Skill      XL: |  1  2  3  4  5  6  7 |
---------------+----------------------+-----
Dodging        | 3 4 |  4.3
Fire Magic     | 4 |  4.2
Summonings     | 2 3 4 |  4.3
Conjurations   | 2 3 4 |  4.0
Spellcasting   | 3 |  3.9
Stealth        | |  2.0

Action                   |  1- 3 |  4- 6 |  7- 9 || total
-------------------------+-------+-------+-------++-------
Melee: Peck              |     7 |     4 |     3 ||    14
       Kick              |     6 |    12 |     4 ||    22
       Unarmed           |     4 |       |       ||     4
       Short sword       |    34 |    13 |       ||    47
       Staff             |       |    45 |    23 ||    68
 Cast: Foxfire           |    61 |   128 |    23 ||   212
       Conjure Flame     |       |     3 |     1 ||     4
       Call Canine Famil |       |     1 |     1 ||     2
 Abil: Fly               |       |     1 |       ||     1
  Use: Scroll            |       |     9 |       ||     9
Armor: Robe              |     6 |    12 |     1 ||    19
Dodge: Dodged            |    44 |    66 |    29 ||   139
